 Dungeon Crawl Stone Soup version 0.24-a0-420-g24607be9ce (webtiles) character file.

Game seed: 8407944367436478321

232 Ijustatesigmund the Cudgeler (level 6, -2/43 HPs)
             Began as an Octopode Fighter on June 11, 2019.
             Splashed by Ijyb's acid (12 damage)
             ... on level 3 of the Dungeon.
             The game lasted 00:05:05 (2191 turns).

Ijustatesigmund the Cudgeler (Octopode Fighter)     Turns: 2191, Time: 00:05:05

Health: -2/43      AC: -3    Str: 15    XL:     6   Next: 4%
Magic:  6/6        EV: 10    Int: 11    God:
Gold:   144        SH: 15    Dex: 13    Spells: 5/5 levels left

rFire    . . .     SeeInvis .   a - +1 flail
rCold    . . .     Gourm    .   k - +2 large shield
rNeg     . . .     Faith    .   (helmet restricted)
rPois    .         Spirit   .   (no amulet)
rElec    .         Reflect  .   (no ring)
rCorr    .         Harm     .   (no ring)
MR       .....                  (no ring)
Stlth    ++........             (no ring)
HPRegen  0.14/turn              (no ring)
MPRegen  0.10/turn              (no ring)
                                (no ring)
                                (no ring)

@: corroded
A: almost no armour, stealthy swim, amphibious, 8 rings, constrict 8, camouflage
1, gelatinous body 1
a: no special abilities


You were on level 3 of the Dungeon.
You were not hungry.

You visited 1 branch of the dungeon, and saw 3 of its levels.

You collected 144 gold pieces.

Inventory:

Hand Weapons
 a - a +1 flail (weapon)
Armour
 b - a +0 shield
 k - a +2 large shield (worn)
Scrolls
 f - a scroll of fog
 h - a scroll of identify
 i - a scroll of amnesia
 j - a scroll of immolation
Potions
 c - a potion of might
 e - 4 potions of curing
 l - a potion of heal wounds
 m - a potion of magic
Comestibles
 d - 3 rations
 g - a chunk of flesh


   Skills:
 + Level 4.2 Fighting
 * Level 4.7 Maces & Flails
 - Level 3.0 Dodging
 + Level 3.8 Shields


You had 5 spell levels left.
You didn't know any spells.
Your spell library contained the following spells:

 Spells                   Type           Power        Failure   Level  Hunger
 Beastly Appendage        Tmut           #.....       99%         1    ##.....
 Sticks to Snakes         Tmut           #.......     100%        2    ###....
 Spider Form              Tmut/Pois      #.........   100%        3    ####...
 Ice Form                 Ice/Tmut       #.......     100%        4    #####..
 Blade Hands              Tmut           #.........   100%        5    ######.


Dungeon Overview and Level Annotations

Branches:
Dungeon (3/15)

Altars:
Fedhas
Wu Jian
Xom

Annotations:
D:3 Ijyb


Innate Abilities, Weirdness & Mutations

You cannot wear most types of armour.
You are very stealthy in the water. (Stealth+)
You are amphibious.
You can wear up to eight rings at the same time.
You can use your tentacles to constrict eight enemies at once.
Your skin changes colour to match your surroundings (Stealth+).
Your rubbery body absorbs attacks. (AC +1, EV +1)


Message History

You see here the felid corpse of Natasha.
You butcher the felid corpse of Natasha.
g - a chunk of flesh You see here the felid skeleton of Natasha.
Ijyb is nearby!
You start resting.
An orc comes into view. It is wielding a +0 falchion.
The orc shouts!
Ijyb shouts!
The orc hits you with a +0 falchion.
Found a robe.
You sock the orc!
You kill the orc!
Ijyb screams, "You nasty!
Big nasty!"
You block Ijyb's attack.
You hit Ijyb. Your grab misses Ijyb. You squeeze Ijyb.
Ijyb is lightly wounded.
Ijyb zaps a wand.
The bolt of acid hits you!
* * * LOW HITPOINT WARNING * * *
The acid corrodes you!
You are splashed with acid!
You die...

*,,,,* *..........[..#
*...[#########..........#
***...#........#..........#
*,,............#..........#
**,_............########+#.#
*,,,.............# #...#
*,,,.⌠...........# ##..#
*,,,........)....# #..#
**,,..._..g@.....# #..#
*,,.............########..#
**,....##.##.##........#...
*,#.#,*#.*#.#########.#..#
*,.,,,*#.*#.#,,,,* #.#.>#
*****,*#.##÷#,**,* #.#..#
*,*#....#,**,* #.#..#
#.g....)..#*,* #.#..#
###########*,* #.#..#


You could see Ijyb.

Vanquished Creatures
  A phantom (D:2)
  Natasha (D:3)
  4 adders
  An ooze (D:2)
  3 worms (D:2)
  A dart slug (D:1)
  3 leopard geckos
  2 orcs (D:3)
  3 giant cockroaches
  7 goblins
  5 hobgoblins
  8 jackals
  5 kobolds
  2 quokkas (D:2)
  A ball python (D:2)
  9 bats
  5 frilled lizards
  10 rats
71 creatures vanquished.

Notes
Turn   | Place    | Note
-------+----------+-------------------------------------------
     0 | D:1      | Ijustatesigmund the Octopode Fighter began the quest for
                  | the Orb.
     0 | D:1      | Reached XP level 1. HP: 16/16 MP: 1/1
   211 | D:1      | Reached XP level 2. HP: 21/21 MP: 2/2
   572 | D:1      | Reached XP level 3. HP: 26/26 MP: 3/3
   778 | D:2      | Noticed a phantom
  1283 | D:2      | Reached XP level 4. HP: 25/31 MP: 4/4
  1285 | D:2      | Killed a phantom
  1285 | D:2      | Reached XP level 5. HP: 31/37 MP: 5/5
  1665 | D:2      | Found a shimmering altar of Xom.
  2061 | D:3      | Found a blossoming altar of Fedhas.
  2153 | D:3      | Found an ornate altar of the Wu Jian Council.
  2155 | D:3      | Noticed Natasha
  2155 | D:3      | Noticed Ijyb
  2166 | D:3      | Killed Natasha
  2166 | D:3      | Reached XP level 6. HP: 27/43 MP: 6/6
  2191 | D:3      | Splashed by Ijyb's acid

Levels and vault maps discovered:
D:1:      lemuel_arrival_broad_hall, layout_rooms, minivault_26, minivault_26
D:2:      layout_loops_ring, nicolae_overflow_hidden_temple, minmay_circle_x
D:3:      layout_basic, lemuel_round_altar, grunt_temple_overflow_open,
          first_ration, uniq_natasha, uniq_ijyb

Skill      XL: |  1  2  3  4  5 |
---------------+----------------+-----
Maces & Flails | 3 4 |  4.7
Fighting       | 4 |  4.2
Dodging        | |  3.0
Shields        | |  3.8

Action                   |  1- 3 |  4- 6 || total
-------------------------+-------+-------++-------
Melee: Flail             |    97 |    59 ||   156
       Constrict         |    23 |    11 ||    34
       Tentacles         |    10 |     4 ||    14
  Use: Scroll            |     4 |     5 ||     9
       Potion            |     1 |       ||     1
 Stab: Sleeping          |     1 |     8 ||     9
  Eat: Chunk             |     1 |     3 ||     4
Armor: Skin              |     7 |     6 ||    13
Dodge: Dodged            |    38 |    11 ||    49
Block: Shield            |    22 |       ||    22
       Large shield      |    54 |    35 ||    89

Table legend:
 A = Non-vault XP
 B = Vault XP
 C = Vault XP percentage of total XP
 D = Non-vault monster count
 E = Vault monster count
 F = Vault count percentage of total count
                 A         B        C        D         E       F
            +---------+---------+-------+---------+---------+-------
      Total |     283 |      49 |  14.8 |      63 |       8 |  11.3
            +---------+---------+-------+---------+---------+-------
        D:1 |      38 |       0 |   0.0 |      21 |       0 |   0.0
        D:2 |     218 |      14 |   6.0 |      33 |       7 |  17.5
        D:3 |      27 |      35 |  56.5 |       9 |       1 |  10.0
            +---------+---------+-------+---------+---------+-------
